 Dungeon Crawl Stone Soup version 0.30.0-17-ge0270778cf (webtiles) character file.

Game seed: 6908893466623116064

26 SnakkuSnakku7 the Charlatan (level 2, 0/26 HPs)
             Began as an Armataur Artificer on May 21, 2023.
             Slain by a kobold
             ... wielding a +3 dagger
              (2 damage)
             ... on level 2 of the Dungeon.
             The game lasted 00:00:55 (862 turns).

SnakkuSnakku7 the Charlatan (Armataur Artificer)     Turns: 862, Time: 00:00:56

Health: 0/26       AC:  7    Str: 17    XL:     2   Next: 89%
Magic:  2/2        EV:  9    Int: 11    God:
Gold:   72         SH:  0    Dex: 10    Spells: 1/1 levels left

rFire   . . .        a - +0 club
rCold   . . .        (no shield)
rNeg    . . .        b - +0 leather armour
rPois   .            f - +2 helmet
rElec   .            (no cloak)
rCorr   .            (no gloves)
SInv    .            (no barding)
Will    .....        (no amulet)
Stlth   +            (no ring)
HPRegen 0.24/turn    (no ring)
MPRegen 0.08/turn

%: roll
@: lethally poisoned (0 -> -1)
A: large, rugged brown scales 3, deformed body, armoured tail, roll, long
tongue, awkward tongue
a: no special abilities


You were on level 2 of the Dungeon.
You visited 1 branch of the dungeon, and saw 2 of its levels.

You collected 72 gold pieces.

Inventory:

Hand Weapons
 a - a +0 club (weapon)
Armour
 b - a +0 leather armour (worn)
 f - a +2 helmet (worn)
Jewellery
 q - an amulet of faith
Wands
 c - a wand of flame (15) (quivered)
 d - a wand of charming (15)
 e - a wand of iceblast (5)
Scrolls
 i - a scroll of enchant weapon {unknown}
 j - 2 scrolls of identify {unknown}
 k - a scroll of magic mapping {unknown}
 n - a scroll of blinking {unknown}
 p - a scroll of amnesia {unknown}
Potions
 g - a potion of berserk rage {unknown}
 h - a potion of flight {unknown}
 l - a potion of invisibility {unknown}
 m - a potion of brilliance {unknown}
 o - 2 potions of curing {unknown}


   Skills:
 + Level 2.6 Fighting
 - Level 2.4 Armour
 - Level 0.6 Dodging
 - Level 1.1 Stealth
 - Level 3.0 Evocations


You had one spell level left.
You didn't know any spells.
Your spell library was empty.

Dungeon Overview and Level Annotations

Branches:
Dungeon (2/15)

Altars:


Innate Abilities, Weirdness & Mutations

You are completely covered in rugged brown scales. (AC +3, +7% HP)
Armour fits poorly on your strangely shaped body.
You have a long armoured tail.
You roll when moving toward enemies. (Rampage)
Your long tongue fully drains potion bottles. (2x potion effects)
Your tongue gives you trouble enunciating. (1.5x scroll delay)


Message History

You closely miss the adder.
The adder is lightly wounded.
The adder bites you but does no damage. The kobold hits you with a +3 dagger.
The adder barely misses you.
You hit the adder.
The adder is moderately wounded.
The kobold closely misses you. The adder bites you but does no damage.
You closely miss the adder.
The adder is moderately wounded.
The adder bites you but does no damage. The kobold hits you with a +3 dagger.
The adder barely misses you. The kobold hits you with a +3 dagger.
You miss the adder.
The adder is moderately wounded.
The adder barely misses you. The kobold hits you with a +3 dagger.
The adder bites you but does no damage.
You are too injured to fight recklessly!
You are too injured to fight recklessly!
The adder attacks as you move away! The adder misses you.
The kobold hits you but does no damage. The kobold attacks as you move away!
The kobold hits you with a +3 dagger. The adder attacks as you move away!
The adder barely misses you. The adder bites you but does no damage.
You closely miss the adder.
The adder is moderately wounded.
The adder bites you but does no damage.
You hit the adder. Your punch misses the adder.
The adder is heavily wounded.
The adder bites you.
You are poisoned.
The adder poisons you! The adder bites you but does no damage.
You hit the adder.
You kill the adder!
You feel sick.
You barely miss the kobold.
You feel sick. The kobold hits you with a +3 dagger.
* * * LOW HITPOINT WARNING * * *
You hit the kobold but do no damage.
* * * LOW HITPOINT WARNING * * *
You feel sick. The kobold hits you with a +3 dagger.
You die...

...... ...... #### ......##..#
.## ^ ......... .. ....... ..#
..## ....#.. #.######## ...#
#......##.....#... .#.#
#.....@K........# .#.#
##.##..###.......# .#.#
##...##. #.†...... .#.##
#....##. #.......#
....#####....##.###.......#
..#....##...)##.........###
..####.##....###............#.
..# #........##..$$###.......
..# #.........#.##(.##......#


You could see a kobold.

Vanquished Creatures
  An adder (D:2)
  2 ball pythons (D:1)
  2 goblins
  A hobgoblin (D:1)
  2 jackals (D:1)
  2 kobolds
  3 bats (D:2)
  5 rats
18 creatures vanquished.

Notes
Turn   | Place    | Note
-------+----------+-------------------------------------------
     0 | D:1      | SnakkuSnakku7 the Armataur Artificer began the quest for
                  | the Orb.
     0 | D:1      | Reached XP level 1. HP: 16/16 MP: 1/1
    76 | D:1      | Reached skill level 1 in Fighting
   552 | D:1      | Reached XP level 2. HP: 23/25 MP: 2/2
   862 | D:2      | Slain by a kobold

Illustrated notes

Levels and vault maps discovered:
D:1:      dpeg_arrival_arbitrary_b, layout_basic
D:2:      layout_rooms, basic_altar

Skill      XL: |  1  2 |
---------------+-------+-----
Fighting       | 1 2 |  2.6
Armour         | |  2.4
Dodging        | |  0.6
Stealth        | |  1.1
Evocations     | |  3.0

Action                     || total
---------------------------++-------
  Melee: Club              ||    82
         Tailslap          ||     4
   Stab: Sleeping          ||     2
 Armour: Leather armour    ||    50
  Dodge: Dodged            ||    51
